 Dungeon Sprint DCSS version 0.29.1-2-gbd0b4ee654 (webtiles) character file.

Game seed: 620347600705330656

10 Zeld the Chopper (level 2, -7/40 HPs)
             Began as a Minotaur Berserker on Oct 27, 2022.
             Was a Believer of Trog.
             Mangled by a merfolk siren
             ... wielding a +0 spear
              (14 damage)
             ... in the Dungeon (Sprint II: "The Violet Keep of Menkaure").
             The game lasted 00:00:14 (144 turns).

Zeld the Chopper (Minotaur Berserker)                Turns: 144, Time: 00:00:14

Health: -7/40      AC:  2    Str: 21    XL:     2   Next: 10%
Magic:  1/1        EV: 12    Int:  4    God:    Trog [**....]
Gold:   243        SH:  0    Dex:  9    Spells: 1/1 levels left

rFire   . . .      SeeInvis .   a - +0 hand axe
rCold   . . .      Faith    .   (no shield)
rNeg    . . .      Spirit   .   b - +0 animal skin
rPois   .          Reflect  .   (helmet restricted)
rElec   .          Harm     .   (no cloak)
rCorr   .          Rampage  .   (no gloves)
Will    .....      NoTele   +   (no boots)
Stlth   ..........              (no amulet)
HPRegen 0.13/turn               (no ring)
MPRegen 0.07/turn               (no ring)

@: berserking, very quick
A: horns 2, retaliatory headbutt
a: Renounce Religion, Berserk, Trog's Hand


You were in the Dungeon.
You worshipped Trog.
Trog was pleased with you.
You visited 1 branch You collected 243 gold pieces.

Inventory:

Hand Weapons
 a - a +0 hand axe (weapon)
Armour
 b - a +0 animal skin (worn)
Scrolls
 h - a scroll of blinking
Potions
 c - a potion of curing
 d - a potion of heal wounds
 e - a potion of haste
 f - 2 potions of magic
 g - a potion of berserk rage


   Skills:
 + Level 4.3 Fighting
 * Level 4.9 Axes
 + Level 3.3 Armour
 + Level 3.0 Dodging


You had one spell level left.
You didn't know any spells.
Your spell library was empty.

Dungeon Overview and Level Annotations

Branches:
Dungeon (1/1)

Altars:


Innate Abilities, Weirdness & Mutations

You have a pair of horns on your head.
You reflexively headbutt those who attack you in melee.


Message History

You see here a worm corpse.
There is an open door here.
You see here a worm corpse.
There is an open door here.
You start resting.
HP restored.
You open the door.
A merfolk siren comes into view. It is wielding a +0 spear.
The merfolk siren shouts!
The merfolk siren chants a haunting song.
You resist with almost no effort.
Found 243 gold pieces.
A red film seems to cover your vision as you go berserk!
You feel yourself moving faster!
You feel mighty!
You feel a strong urge to attack something.
The merfolk siren closely misses you.
There is an open door here.
You slash the merfolk siren! Your headbutt misses the merfolk siren.
The merfolk siren is moderately wounded.
You slash the merfolk siren!
The merfolk siren is heavily wounded.
The merfolk siren hits you with a +0 spear!
You slash the merfolk siren! Your headbutt misses the merfolk siren.
The merfolk siren is severely wounded.
The merfolk siren hits you with a +0 spear!
You are too injured to fight recklessly!
You are too injured to fight recklessly!
You are too injured to fight recklessly!
You closely miss the merfolk siren.
The merfolk siren is severely wounded.
The merfolk siren hits you with a +0 spear!
* * * LOW HITPOINT WARNING * * *
You barely miss the merfolk siren. Your headbutt misses the merfolk siren.
The merfolk siren is severely wounded.
You are too injured to fight recklessly!
You are too injured to fight recklessly!
You hit the merfolk siren.
The merfolk siren is severely wounded.
The merfolk siren hits you with a +0 spear!
You die...

#~~#+++#+++##
~~~.........#
##'## ##†#.##
#.##..#
#####††##
##.# #'##
#...##.##
#m@.<.+
#...##.##
##.# #+# ##


You could see a merfolk siren.

Vanquished Creatures
  3 worms (D)
3 creatures vanquished.

Notes
Turn   | Place    | Note
-------+----------+-------------------------------------------
     0 | D        | Zeld the Minotaur Berserker began the quest for the Orb.
     0 | D        | Reached XP level 1. HP: 19/19 MP: 0/0
    60 | D        | Noticed a lava snake
    60 | D        | Noticed a lava snake
    60 | D        | Noticed a lava snake
    65 | D        | Reached ** piety under Trog
    66 | D        | Reached XP level 2. HP: 20/27 MP: 1/1
   136 | D        | Noticed a merfolk siren
   144 | D        | Mangled by a merfolk siren

Illustrated notes

Levels and vault maps discovered:
D:        the_violet_keep_of_menkaure [sprint2_stairs_cluster_1,
          sprint2_shoproom, sprint2_temple, sprint2_basic_supplies,
          sprint2_obstacle_3, sprint2_obstacle_4, sprint2_obstacle_5,
          sprint2_obstacle_1, sprint2_obstacle_7, sprint2_timed_cluster_1,
          sprint2_smallroom_cluster_1, sprint2_smallroom_final_cluster_1,
          sprint2_transparent_cluster_1, sprint2_second_timed_cluster_1,
          sprint2_sniper_area_1, sprint2_heavy_combat_area_1,
          sprint2_mutation_trap_area_1, sprint2_forest_area_1,
          sprint2_light_combat_area_1, sprint2_behind_water_1,
          sprint2_near_end_vault_1]

Skill      XL: |  1 |
---------------+----+-----
Fighting       | 4 |  4.3
Axes           | 4 |  4.9
Armour         | 3 |  3.3
Dodging        | 3 |  3.0

Action                   || total
-------------------------++-------
Melee: Hand axe          ||    16
       Headbutt          ||     1
Invok: Berserk           ||     2
Dodge: Dodged            ||     4
